Workbook

Sheet 利润测算表
A1: 创享供应链9月26日订单台账
A2: 订单日期 | B2: 产品名称 | C2: 供货单位 | D2: 采购数量 | E2: 采购金额 | F2: 销售单位 | G2: 销售数量 | H2: 销售金额 | I2: 毛利润 | J2: 毛利率
A3: =重庆飞鲟对账单!C3 -> 45195 | B3: 猪白条 | C3: 重庆山海飞鲟贸易有限公司 | D3: =重庆飞鲟对账单!G17 -> 548 | E3: =重庆飞鲟对账单!J17 -> 892725.66 | F3: 北京二商肉类食品集团有限公司 | G3: =北京二商对账单!G18 -> 548 | H3: =北京二商对账单!J18 -> 897992.85 | I3: =H3-E3 -> 5267.1876 | J3: =I3/E3 -> 0.005900119

Sheet 北京二商对账单
A1: 新疆创享供应链管理服务有限公司9月26日订单台账
A2: 采购单位：上海天玑中为实业发展有限公司 | G2: 供货单位：新疆创享供应链管理服务有限公司
A3: 序号 | B3: 订单日期 | C3: 入库日期 | D3: 商品信息 | E3: 规格型号 | F3: 单位 | G3: 数量（头） | H3: 重量 | I3: 采购单价 | J3: 结算金额 | K3: 运输车号 | L3: 备注
A4: 1 | B4: 45193 | C4: 45195 | D4: 猪白条 | E4: 一二级 | F4: 公斤 | G4: 58 | H4: 4710.6 | I4: 20.24 | J4: =H4*I4 -> 95342.544 | K4: 京APD019 | L4: 北京市平谷区
B5: 45193 | C5: 45195 | D5: 猪白条 | E5: 三级 | F5: 公斤 | G5: 71 | H5: 5013.1 | I5: 19.54 | J5: =H5*I5 -> 97955.974
B7: 45193 | C7: 45195 | D7: 猪白条 | E7: 特级 | F7: 公斤 | G7: 52 | H7: 4371.6 | I7: 20.64 | J7: =H7*I7 -> 90229.824 | K7: 辽J30706 | L7: 北京新发地
A8: 6 | B8: 45193 | C8: 45195 | D8: 猪白条 | E8: 优一 | F8: 公斤 | G8: 64 | H8: 5687 | I8: 20.44 | J8: =H8*I8 -> 116242.28
A10: 11 | B10: 45193 | C10: 45195 | D10: 猪白条 | E10: 一级 | F10: 公斤 | G10: 50 | H10: 1416.9 | I10: 21.44 | J10: =H10*I10 -> 30378.336 | K10: 鲁NG7487 | L10: 北京新发地
B11: 45193 | C11: 45195 | D11: 猪白条 | E11: 三级 | F11: 公斤 | G11: 36 | H11: 3344.1 | I11: 20.44 | J11: =H11*I11 -> 68353.404
B12: 45193 | C12: 45195 | D12: 猪白条 | E12: 优级 | F12: 公斤 | G12: 47 | H12: 4201.94 | I12: 20.74 | J12: =H12*I12 -> 87148.236
A14: 16 | B14: 45193 | C14: 45195 | D14: 猪白条 | E14: 一级 | F14: 公斤 | G14: 100 | H14: 9135.32 | I14: 20.54 | J14: =H14*I14 -> 187639.47 | K14: 辽AEV756 | L14: 上海松江市
B16: 45193 | C16: 45195 | D16: 猪白条 | E16: 一级 | F16: 公斤 | G16: 70 | H16: 6012.67 | I16: 20.74 | J16: =H16*I16 -> 124702.78 | K16: 辽ADV789 | L16: 北京市平谷区
G18: =SUM(G4:G16) -> 548 | H18: =SUM(H4:H16) -> 43893.23 | J18: =SUM(J4:J16) -> 897992.85

Sheet 重庆飞鲟对账单
A1: 新疆创享供应链管理服务有限公司9月26日采购订单台账
A2: 序号 | B2: 订单日期 | C2: 入库日期 | D2: 商品信息 | E2: 规格型号 | F2: 单位 | G2: 数量（头） | H2: 重量 | I2: 采购单价 | J2: 结算金额 | K2: 运输车号 | L2: 备注
A3: 1 | B3: 45193 | C3: 45195 | D3: 猪白条 | E3: 一二级 | F3: 公斤 | G3: 58 | H3: 4710.6 | I3: 20.12 | J3: =H3*I3 -> 94777.272 | K3: 京APD019 | L3: 北京市平谷区
B4: 45193 | C4: 45195 | D4: 猪白条 | E4: 三级 | F4: 公斤 | G4: 71 | H4: 5013.1 | I4: 19.42 | J4: =H4*I4 -> 97354.402
B6: 45193 | C6: 45195 | D6: 猪白条 | E6: 特级 | F6: 公斤 | G6: 52 | H6: 4371.6 | I6: 20.52 | J6: =H6*I6 -> 89705.232 | K6: 辽J30706 | L6: 北京新发地
A7: 6 | B7: 45193 | C7: 45195 | D7: 猪白条 | E7: 优一 | F7: 公斤 | G7: 64 | H7: 5687 | I7: 20.32 | J7: =H7*I7 -> 115559.84
B9: 45193 | C9: 45195 | D9: 猪白条 | E9: 一级 | F9: 公斤 | G9: 50 | H9: 1416.9 | I9: 21.32 | J9: =H9*I9 -> 30208.308 | K9: 鲁NG7487 | L9: 北京新发地
B10: 45193 | C10: 45195 | D10: 猪白条 | E10: 三级 | F10: 公斤 | G10: 36 | H10: 3344.1 | I10: 20.32 | J10: =H10*I10 -> 67952.112
B11: 45193 | C11: 45195 | D11: 猪白条 | E11: 优级 | F11: 公斤 | G11: 47 | H11: 4201.94 | I11: 20.62 | J11: =H11*I11 -> 86644.003
A13: 16 | B13: 45193 | C13: 45195 | D13: 猪白条 | E13: 一级 | F13: 公斤 | G13: 100 | H13: 9135.32 | I13: 20.42 | J13: =H13*I13 -> 186543.23 | K13: 辽AEV756 | L13: 上海松江市
B15: 45193 | C15: 45195 | D15: 猪白条 | E15: 一级 | F15: 公斤 | G15: 70 | H15: 6012.67 | I15: 20.62 | J15: =H15*I15 -> 123981.26 | K15: 辽ADV789 | L15: 北京市平谷区
G17: =SUM(G3:G15) -> 548 | H17: =SUM(H3:H15) -> 43893.23 | J17: =SUM(J3:J15) -> 892725.66
